Map: Acid Plant LE

Players

jeysen

  • Race: Protoss Protoss
  • League: Master
  • Spawn Location: 11:00

AgentSmith - Winner!

  • Race: Zerg Zerg
  • League: Master
  • Spawn Location: 5:00

VOD

Have the link to the VOD?

Description

Time

  • Played on: April 1, 2018, 9:23 p.m.
  • Length: 18:42
Show
View Real Time Build Order
Export as new Build Order

jeysen Protoss 

Build Orders: 1 Gate Expand, Zealot Archon, Dark Templar Rush 

Get SALT Encoding   

  12  0:00  Probe  
  13  0:13  Probe  
  14  0:18  Pylon  
  14  0:25  Probe (Chrono Boost)  
  15  0:37  Probe (Chrono Boost)  
  16  0:45  Gateway, Probe (Chrono Boost)  
  16  0:49  Assimilator  
  17  0:51  Probe  
  18  1:06  Probe  
  19  1:18  Probe  
  20  1:27  Nexus  
  20  1:37  Cybernetics Core  
  20  1:39  Probe  
  21  1:46  Assimilator  
  21  1:51  Probe  
  22  1:55  Pylon  
  22  2:03  Probe (Chrono Boost)  
  23  2:16  Adept, Probe (Chrono Boost)  
  23  2:17  Warp Gate  
  26  2:25  Probe (Chrono Boost)  
  27  2:30  Probe (Chrono Boost)  
  28  2:41  Probe (Chrono Boost)  
  28  2:42  Probe (Chrono Boost)  
  28  2:43  Stalker  
  32  2:49  Probe (Chrono Boost)  
  32  2:50  Twilight Council, Probe (Chrono Boost)  
  34  2:54  Probe (Chrono Boost)  
  35  3:01  Probe (Chrono Boost)  
  36  3:06  Probe (Chrono Boost)  
  37  3:12  Robotics Facility  
  37  3:14  Adept  
  37  3:19  Probe x2 (Chrono Boost)  
  41  3:24  Pylon, Probe (Chrono Boost)  
  41  3:26  Probe (Chrono Boost)  
  43  3:33  Dark Shrine  
  43  3:35  Probe  
  43  3:38  Assimilator  
  43  3:39  Assimilator  
  44  3:49  Probe x2  
  46  3:57  Gateway  
  46  3:58  Gateway  
  46  3:59  Gateway  
  46  4:01  Warp Prism (Chrono Boost)  
  47  4:06  Probe  
  47  4:08  Probe  
  50  4:14  Pylon  
  50  4:18  Probe  
  50  4:20  Probe  
  50  4:22  Charge (Chrono Boost)  
  50  4:23  Pylon  
  52  4:30  Probe, Observer  
  54  4:32  Probe  
  55  4:43  Probe  
  56  4:46  Pylon  
  56  4:50  Pylon  
  56  4:59  Immortal (Chrono Boost)  
  60  5:04  Dark Templar x2  
  60  5:05  Dark Templar x2  
  67  5:07  Probe x2  
  67  5:14  Pylon  
  69  5:33  Immortal (Chrono Boost)  
  69  5:34  Probe x2  
  75  5:38  Forge  
  75  5:40  Gateway x2  
  75  5:42  Sentry x3  
  81  5:43  Pylon  
  81  6:00  Probe x2  
  81  6:01  Sentry  
  85  6:05  Immortal (Chrono Boost)  
  89  6:13  Archon x2  
  89  6:14  Nexus  
  89  6:17  Protoss Ground Weapons Level 1 (Chrono Boost)  
  89  6:18  Pylon, Probe x2  
  90  6:24  Sentry  
  90  6:25  Zealot x3  
  99  6:44  Zealot x2  
  103  6:50  Immortal (Chrono Boost)  
  103  6:51  Probe  
  103  6:52  Probe  
  109  7:01  Pylon  
  109  7:04  Pylon  
  109  7:05  Pylon  
  109  7:19  Probe x2  
  109  7:21  Stalker x2, Templar Archives  
  109  7:22  Zealot x3  
  121  7:23  Stalker  
  123  7:31  Probe x2  
  125  7:41  Gateway x2  
  125  7:43  Probe x2  
  125  7:44  Assimilator  
  127  7:49  Assimilator  
  125  7:52  Psionic Storm  
  125  7:55  Pylon  
  125  8:06  Zealot x6  
  117  8:29  Immortal (Chrono Boost)  
  117  8:30  High Templar x2  
  117  8:31  High Templar x3  
  125  8:58  Zealot  
  115  9:11  Zealot  
  115  9:12  Zealot  
  115  9:13  Immortal (Chrono Boost)  
  123  9:22  Zealot x6  
  123  9:24  Probe x2  
  136  9:30  Protoss Ground Weapons Level 2 (Chrono Boost)  
  133  9:42  Warp Prism (Chrono Boost)  
  135  9:46  High Templar x4  
  135  9:47  Zealot  
  135  9:48  Zealot x3  
  135  9:49  Probe x2  
  153  9:53  Archon  
  153  9:54  Blink (Chrono Boost), Archon  
  153  10:04  Nexus  
  153  10:07  Pylon  
  153  10:14  Zealot x2  
  153  10:20  Pylon  
  157  10:22  Pylon  
  157  10:23  Pylon  
  157  10:37  Stalker  
  159  10:44  Zealot x7  
  173  10:58  Stargate  
  173  11:03  Assimilator  
  173  11:07  Assimilator  
  173  11:10  Pylon  
  135  11:35  Zealot x2, Immortal (Chrono Boost)  
  135  11:36  Zealot x6  
  135  11:39  Probe x2  
  123  12:09  Zealot x8  
  125  12:19  Probe x2  
  119  12:28  Archon  
  105  12:35  Zealot x8  
  105  12:36  Probe  
  104  12:39  Immortal (Chrono Boost)  
  88  12:53  Protoss Ground Weapons Level 3 (Chrono Boost)  
  88  12:58  High Templar x7  
  102  13:02  High Templar  
  104  13:07  Archon  
  104  13:09  Immortal (Chrono Boost)  
  108  13:17  Probe x2  
  108  13:19  Protoss Air Weapons Level 1 (Chrono Boost)  
  110  13:22  Fleet Beacon  
  110  13:26  Stargate  
  110  13:28  Stargate  
  110  13:30  Pylon  
  110  13:36  High Templar x5  
  110  13:37  High Templar  
  110  13:38  Immortal (Chrono Boost), Stalker x2  
  110  13:41  Archon x2  
  130  13:42  Archon  
  130  14:04  Sentry x2  
  130  14:09  Zealot x5  
  144  14:10  Zealot  
  144  14:14  Photon Cannon  
  144  14:15  Immortal (Chrono Boost)  
  144  14:16  Photon Cannon  
  150  14:30  Zealot x8  
  165  14:45  Observer (Chrono Boost)  
  158  14:47  Carrier x3 (Chrono Boost)  
  158  14:52  Graviton Catapult (Chrono Boost)  
  173  14:58  Zealot x2  
  173  14:59  Zealot x4, Observer (Chrono Boost)  
  185  15:02  Stalker x2  
  185  15:03  Protoss Air Weapons Level 2  
  187  15:15  Observer (Chrono Boost)  
  178  15:27  Zealot x8  
  194  15:40  Observer  
  187  15:52  Zealot x8  
  188  16:12  Carrier (Chrono Boost)  
  134  16:40  Pylon  
  134  16:42  Carrier (Chrono Boost)  
  134  16:46  Carrier (Chrono Boost), Observer (Chrono Boost)  
  135  16:52  High Templar x4  
  135  16:53  High Templar  
  139  16:59  Observer (Chrono Boost)  
  130  17:04  Archon  
  130  17:05  Archon  
  130  17:13  Nexus  
  128  17:31  High Templar x4, Immortal (Chrono Boost)  
  140  17:37  Archon x2  
  101  18:38  Archon  
Show
View Real Time Build Order
Export as new Build Order

AgentSmith Zerg - Winner!

Build Orders: Hatch First, Lurkers 

Get SALT Encoding   

  12  0:01  Drone  
  13  0:12  Overlord  
  13  0:17  Drone  
  14  0:31  Drone x2  
  16  0:49  Hatchery  
  15  0:51  Drone  
  15  0:55  Drone  
  17  0:58  Drone  
  18  1:09  Extractor  
  17  1:15  Spawning Pool  
  16  1:18  Drone  
  16  1:22  Drone  
  18  1:28  Drone  
  19  1:40  Drone  
  20  1:53  Drone  
  21  1:54  Hatchery  
  20  2:01  Drone x2  
  22  2:10  Queen  
  24  2:16  Drone  
  24  2:17  Drone  
  24  2:22  Overlord  
  26  2:27  Metabolic Boost  
  26  2:31  Zergling x2  
  27  2:37  Zergling x2  
  27  2:40  Queen  
  27  2:43  Drone  
  31  2:45  Drone  
  32  2:57  Drone x3  
  35  3:07  Overlord  
  35  3:08  Drone  
  36  3:22  Queen  
  36  3:23  Queen  
  36  3:24  Drone x2  
  36  3:26  Drone x5  
  47  3:28  Drone  
  47  3:32  Drone  
  49  3:36  Drone  
  50  3:43  Extractor  
  50  3:46  Roach Warren, Overlord  
  50  3:47  Overlord  
  48  3:54  Overlord  
  48  3:56  Drone x2  
  48  4:00  Lair  
  48  4:01  Spore Crawler  
  49  4:03  Spore Crawler  
  49  4:05  Spore Crawler  
  47  4:10  Drone x2  
  47  4:11  Drone x2  
  47  4:12  Drone  
  47  4:14  Drone x2  
  54  4:22  Drone x2  
  56  4:28  Drone x3  
  59  4:34  Overlord x2  
  59  4:35  Roach x3  
  65  4:47  Drone x3  
  65  4:51  Drone  
  69  4:59  Roach x3  
  77  5:00  Roach  
  77  5:01  Glial Reconstitution  
  76  5:07  Drone  
  76  5:09  Drone x7, Extractor  
  76  5:11  Extractor  
  79  5:26  Roach  
  79  5:27  Roach x3  
  83  5:35  Queen x2  
  85  5:37  Extractor  
  85  5:39  Hatchery, Overlord x3  
  85  5:44  Roach x2  
  85  5:49  Roach  
  89  5:53  Overlord x2  
  89  5:54  Pneumatized Carapace  
  86  5:59  Drone x7, Hydralisk Den  
  92  6:06  Drone x3  
  95  6:12  Extractor, Evolution Chamber  
  93  6:22  Roach x2  
  93  6:23  Roach x4  
  105  6:26  Drone  
  106  6:33  Grooved Spines  
  106  6:38  Hydralisk x5  
  116  6:45  Roach x3  
  122  6:52  Ravager  
  122  6:53  Overlord x3  
  122  6:54  Overlord  
  123  7:04  Zerg Missile Weapons Level 1  
  123  7:05  Overlord x2  
  123  7:06  Hydralisk x2  
  127  7:15  Hydralisk  
  127  7:16  Ravager  
  127  7:17  Zergling x20  
  140  7:25  Hydralisk x3  
  148  7:30  Roach x3  
  148  7:33  Roach  
  148  7:34  Zergling x8, Roach x2  
  148  7:35  Queen  
  164  7:50  Roach x3  
  164  7:51  Roach x2  
  168  8:01  Overlord x2  
  166  8:07  Hydralisk x5  
  166  8:08  Hydralisk x3  
  182  8:19  Hydralisk x3  
  175  8:27  Hydralisk x3  
  179  8:33  Roach x3  
  188  8:41  Hydralisk  
  188  8:42  Hydralisk x2  
  188  9:05  Hatchery  
  177  9:11  Hydralisk x7  
  184  9:18  Hatchery  
  184  9:23  Hatchery  
  180  9:27  Hydralisk  
  182  9:51  Overlord x2  
  182  9:52  Muscular Augments, Ravager  
  182  9:58  Zerg Missile Weapons Level 2  
  183  10:00  Drone  
  183  10:01  Drone x3  
  183  10:03  Drone  
  188  10:08  Drone  
  188  10:12  Drone x2  
  191  10:19  Overseer  
  191  10:40  Drone x6, Lurker Den  
  196  10:43  Drone  
  196  10:44  Drone x2  
  196  10:45  Drone  
  200  10:51  Spine Crawler  
  200  10:53  Spine Crawler  
  200  10:54  Spine Crawler  
  197  11:01  Hydralisk x2  
  192  11:16  Hydralisk x9  
  189  11:26  Hydralisk  
  189  11:27  Hydralisk x2  
  186  11:33  Hydralisk  
  186  11:38  Drone  
  186  11:39  Drone x6  
  195  11:50  Extractor  
  195  11:51  Spore Crawler, Extractor  
  195  11:52  Spine Crawler  
  191  12:00  Hydralisk x5  
  143  12:09  Hydralisk  
  143  12:10  Hydralisk  
  98  12:30  Hydralisk x6  
  98  12:33  Drone x2  
  91  12:44  Roach x4  
  95  12:51  Drone x4  
  99  13:03  Lurker x4  
  103  13:06  Drone x6  
  103  13:09  Drone  
  110  13:18  Lurker  
  110  13:19  Drone x6  
  117  13:23  Extractor  
  116  13:37  Lurker x4  
  120  13:42  Drone  
  120  13:43  Drone x2  
  120  13:44  Drone  
  120  13:45  Spine Crawler, Drone, Extractor  
  120  13:46  Spine Crawler  
  122  13:52  Hydralisk x5  
  132  13:57  Spine Crawler  
  132  14:02  Nydus Network, Queen  
  132  14:16  Hydralisk x6  
  144  14:23  Hydralisk x3  
  146  14:41  Hydralisk x2  
  146  14:42  Hydralisk x5  
  160  14:51  Spine Crawler  
  159  14:54  Hydralisk x5  
  169  15:05  Lurker x2  
  169  15:06  Lurker  
  172  15:15  Hydralisk x5  
  182  15:22  Nydus Canal  
  182  15:26  Hydralisk  
  182  15:27  Hydralisk  
  186  15:47  Hydralisk  
  186  15:48  Hydralisk x6  
  200  15:51  Nydus Canal  
  196  16:04  Hydralisk x2  
  188  16:13  Hydralisk  
  188  16:14  Hydralisk x5  
  198  16:22  Hydralisk  
  198  16:23  Hydralisk x2  
  171  16:35  Hydralisk x4  
  173  16:45  Hydralisk x4  
  179  17:00  Overseer  
  179  17:01  Hydralisk x4  
  184  17:28  Hatchery  
  184  17:29  Overseer  
  183  17:37  Infestation Pit  
  182  17:38  Hatchery  
  181  17:47  Hydralisk x4  
  181  17:48  Hydralisk x3  
  181  17:50  Overseer  
  195  17:58  Overseer  
  195  18:02  Nydus Canal  
  185  18:19  Roach x6  
Tags
 
Add a new tag
Caveats
  • Supply blocks, unpowered buildings, or Contaminate may cause inaccurate times.
  • Supply counts are checked every 10 seconds.